 Dungeon Crawl Stone Soup version 0.28-a0-80-g9707f7362f (webtiles) character file.

Game seed: 642142500204947196

554171 TotallyRasta the Executioner (level 25, -20/209 HPs)
             Began as a Minotaur Fighter on Aug 3, 2021.
             Was a Priest of Nemelex Xobeh.
             Killed from afar by an orb of fire (44 damage)
             ... with a fireball
             ... on level 5 of the Realm of Zot on Aug 4, 2021.
             The game lasted 06:28:39 (54017 turns).

TotallyRasta the Executioner (Minotaur Fighter)    Turns: 54017, Time: 06:28:40

Health: -20/209    AC: 35    Str: 38 (39) XL:     25   Next: 14%
Magic:  17/24      EV: 21    Int:  7 (8)  God:    Nemelex Xobeh [***...]
Gold:   4120       SH: 27    Dex: 10      Spells: 24/24 levels left

rFire   + . .      SeeInvis +   S - +5 broad axe (freeze)
rCold   + + .      Faith    .   c - +5 kite shield
rNeg    + . .      Spirit   .   p - +9 plate armour of the Meadowlark {rCorr Str+3}
rPois   +          Reflect  +   (helmet restricted)
rElec   +          Harm     .   G - +2 cloak {rPois}
rCorr   +          Rampage  .   I - +0 pair of fencer's gloves {Riposte Dex+3}
Will    +....      Clarity  +   E - +2 pair of boots "Azuip" {rElec}
Stlth   ..........              U - amulet "Nemen" {Reflect Str+5 Dex-5 SH+5 SInv Stlth+}
HPRegen 0.44/turn               W - ring of Mirth {rN+ EV+4 Str+4 Slay+3}
MPRegen 0.19/turn               r - ring of Ystucirph {rC+ Int+5 Dex+4}

@: mighty, resistant, elixired, unable to read, very slightly contaminated,
hasted, studying Invocations, invisible, very quick
A: horns 2, retaliatory headbutt, iridescent scales 1, clarity, clumsy 2,
deformed body, deterioration 2, dopey 1, frail 1, low mp 3, screaming 2, weak 2,
wild magic 1, no potion heal 2, inability to read while threatened
}: 3/15 runes: decaying, slimy, gossamer
a: Renounce Religion, Draw Escape, Draw Destruction, Draw Summoning, Triple Draw


You were on level 5 of the Realm of Zot.
You worshipped Nemelex Xobeh.
Nemelex Xobeh was most pleased with you.
You visited 9 branches of the dungeon, and saw 48 of its levels.
You also visited: Bailey, Gauntlet and Ice Cave.

You collected 6218 gold pieces.
You spent 2098 gold pieces at shops.

Inventory:

Hand Weapons
 y - a +1 war axe of flaming
 S - a +5 broad axe of freezing (weapon)
Armour
 c - a +5 kite shield (worn)
 p - the +9 plate armour of the Meadowlark (worn) {rCorr Str+3}
   (You bought it in a shop on level 2 of the Orcish Mines)

   Str:       It affects your strength (+3).
   rCorr:     It protects you from acid and corrosion.
 t - the +0 ring mail of Bright the Good {Fly Will+ rCorr}
   (You found it on level 4 of the Dungeon)

   Fly:       It grants you flight.
   rCorr:     It protects you from acid and corrosion.
   Will:      It increases your willpower.
 E - the +2 pair of boots "Azuip" (worn) {rElec}
   (You found it on level 7 of the Dungeon)

   rElec:     It insulates you from electricity.
 G - a +2 cloak of poison resistance (worn)
 I - the +0 pair of fencer's gloves (worn) {Riposte Dex+3}
   (You acquired it on level 3 of the Lair of Beasts)

   It allows the wearer to riposte with any weapon, or to riposte more often
   with a long blade, swiftly retaliating against a missed attack.
   Dex:       It affects your dexterity (+3).
 Q - a +2 plate armour
Jewellery
 i - a +6 ring of dexterity
 r - the ring of Ystucirph (right hand) {rC+ Int+5 Dex+4}
   (You bought it in a shop on level 2 of the Orcish Mines)

   [ring of protection from cold]

   Int:       It affects your intelligence (+5).
   Dex:       It affects your dexterity (+4).
   rC:        It protects you from cold.
 u - a ring of protection from cold
 v - a +4 ring of evasion
 w - a +6 ring of dexterity
 x - a +4 ring of protection
 z - a ring of protection from fire
 M - an amulet of faith
 U - the amulet "Nemen" (around neck) {Reflect Str+5 Dex-5 SH+5 SInv Stlth+}
   (You acquired it on level 5 of the Lair of Beasts)

   [amulet of reflection]

   It reflects blocked missile attacks.
   Str:       It affects your strength (+5).
   Dex:       It affects your dexterity (-5).
   SInv:      It lets you see invisible.
   SH:        It affects your SH (+5).
   Stlth:     It makes you more stealthy.
 W - the ring of Mirth (left hand) {rN+ EV+4 Str+4 Slay+3}
   (You found it on level 5 of the Pits of Slime)

   [ring of evasion]

   EV:        It affects your evasion (+4).
   Str:       It affects your strength (+4).
   Slay:      It affects your accuracy & damage with ranged weapons and melee
   (+3).
   rN:        It protects you from negative energy.
 Z - a ring of willpower
Wands
 m - a wand of mindburst (45)
 C - a wand of paralysis (36)
 D - a wand of acid (49)
 N - a wand of iceblast (26)
 R - a wand of digging (9)
Scrolls
 a - 16 scrolls of identify
 e - 22 scrolls of teleportation
 g - 7 scrolls of fog
 j - 2 scrolls of enchant armour
 l - 6 scrolls of blinking
 q - 8 scrolls of immolation
 s - a scroll of torment
 K - a scroll of holy word
 L - a scroll of magic mapping
 T - 4 scrolls of silence
 X - a scroll of summoning
Potions
 d - 2 potions of might
 f - 4 potions of magic
 h - 6 potions of lignification
 k - 3 potions of ambrosia
 n - 10 potions of heal wounds
 A - 5 potions of berserk rage
 B - 27 potions of curing
 H - 5 potions of cancellation
 O - 5 potions of brilliance
 P - 6 potions of flight
 V - 3 potions of attraction
 Y - 3 potions of invisibility
Miscellaneous
 F - a phantom mirror (inert)
 J - a phantom mirror (inert)


   Skills:
 + Level 20.5 Fighting
 - Level 24.1 Axes
 + Level 20.6 Armour
 * Level 23.5 Dodging
 + Level 18.6 Shields
 + Level 19.1 Invocations


You had 24 spell levels left.
You didn't know any spells.
Your spell library contained the following spells:

 Spells                   Type           Power      Damage    Failure   Level
 Apportation              Tloc           0%         N/A       86%         1
 Corona                   Hex            0%         N/A       86%         1
 Foxfire                  Conj/Fire      0%         2x1d4     86%         1
 Magic Dart               Conj           0%         1d3       86%         1
 Summon Small Mammal      Summ           0%         N/A       86%         1
 Call Imp                 Summ           0%         N/A       95%         2
 Corpse Rot               Necr/Air       N/A        N/A       95%         2
 Ensorcelled Hibernation  Hex/Ice        0%         N/A       95%         2
 Poisonous Vapours        Pois/Air       0%         N/A       95%         2
 Searing Ray              Conj           0%         3d3       95%         2
 Slow                     Hex            0%         N/A       95%         2
 Static Discharge         Conj/Air       0%         N/A       95%         2
 Sublimation of Blood     Necr           0%         N/A       95%         2
 Wereblood                Tmut           0%         N/A       95%         2
 Call Canine Familiar     Summ           0%         N/A       99%         3
 Confusing Touch          Hex            0%         N/A       99%         3
 Conjure Flame            Conj/Fire      0%         6-21      99%         3
 Gell's Gravitas          Tloc           0%         N/A       99%         3
 Inner Flame              Hex/Fire       0%         N/A       99%         3
 Lesser Beckoning         Tloc           0%         N/A       99%         3
 Mephitic Cloud           Conj/Pois/Air  0%         N/A       99%         3
 Ozocubu's Armour         Ice            0%         N/A       99%         3
 Portal Projectile        Hex/Tloc       0%         N/A       99%         3
 Spider Form              Tmut/Pois      0%         N/A       99%         3
 Stone Arrow              Conj/Erth      0%         3d7       99%         3
 Summon Guardian Golem    Hex/Summ       0%         N/A       99%         3
 Teleport Other           Tloc           0%         N/A       99%         3
 Tukima's Dance           Hex            0%         N/A       99%         3
 Animate Armour           Summ/Erth      0%         N/A       100%        4
 Animate Dead             Necr           0%         N/A       100%        4
 Dispel Undead            Necr           0%         3d6       100%        4
 Fulminant Prism          Conj/Hex       0%         3d6       100%        4
 Hailstorm                Conj/Ice       0%         3d3       100%        4
 Ice Form                 Ice/Tmut       0%         N/A       100%        4
 Leda's Liquefaction      Hex/Erth       0%         N/A       100%        4
 Passage of Golubria      Tloc           N/A        N/A       100%        4
 Petrify                  Tmut/Erth      0%         N/A       100%        4
 Sticky Flame             Conj/Fire      0%         2d3       100%        4
 Alistair's Intoxication  Tmut/Pois      0%         N/A       100%        5
 Blade Hands              Tmut           0%         N/A       100%        5
 Bolt of Magma            Conj/Fire/Erth 0%         4d4       100%        5
 Freezing Cloud           Conj/Ice/Air   0%         6-21      100%        5
 Irradiate                Conj/Tmut      0%         3d13      100%        5
 Iskenderun's Battlesphe  Conj           0%         2d6       100%        5
 Lightning Bolt           Conj/Air       0%         1d11      100%        5
 Metabolic Englaciation   Hex/Ice        0%         N/A       100%        5
 Yara's Violent Unravell  Hex/Tmut       0%         3d3       100%        5
 Death Channel            Necr           0%         N/A       100%        6
 Dispersal                Tloc           0%         N/A       100%        6
 Invisibility             Hex            0%         N/A       100%        6
 Iron Shot                Conj/Erth      0%         9d1       100%        6
 Shadow Creatures         Summ           N/A        N/A       100%        6
 Simulacrum               Ice/Necr       0%         N/A       100%        6
 Statue Form              Tmut/Erth      0%         N/A       100%        6
 Haunt                    Necr/Summ      0%         N/A       100%        7
 Malign Gateway           Summ/Tloc      0%         N/A       100%        7
 Orb of Destruction       Conj           0%         N/A       100%        7
 Spellforged Servitor     Conj/Summ      0%         N/A       100%        7
 Summon Hydra             Summ           0%         N/A       100%        7
 Disjunction              Tloc           0%         N/A       100%        8
 Infestation              Necr           0%         N/A       100%        8
 Lehudib's Crystal Spear  Conj/Erth      0%         10d2      100%        8
 Maxwell's Capacitive Co  Air            0%         ∞         100%        8
 Summon Horrible Things   Summ           0%         N/A       100%        8
 Shatter                  Erth           0%         3d5*      100%        9


Dungeon Overview and Level Annotations

Branches:
Dungeon (15/15)            Temple (0/1) D:4            Lair (6/6) D:10
  Swamp (4/4) Lair:3       Spider (4/4) Lair:4        Slime (5/5) Lair:5
    Orc (2/2) D:10            Elf (0/3) Orc:2        Vaults (2/5) D:13
 Depths (5/5) D:15            Zot (5/5) Depths:5     Bailey (visited)
  IceCv (visited)         Gauntlet (visited)
  Crypt: Vaults:2-3

Altars:
Ashenzari
Fedhas
Kikubaaqudgha
Nemelex Xobeh
Ru
Vehumet
Xom
Beogh
Jiyva
Lugonu

Shops:
D:2 !   D:4 :   D:9 *   Orc:2 [[=?(=*(*(   Vaults:2 [   Depths:2 *   Depths:5 [

Portals:
Hell: Depths:1 Depths:2 Depths:3 Depths:4 Depths:5
Abyss: Lair:6 Depths:4
Pandemonium: Depths:3
Ziggurat: Depths:3
Trove: D:11 (give +7 demon whip)

Annotations:
Swamp:3 Zahirihu's ghost, adept MiFi
Vaults:2 2 transporters


Innate Abilities, Weirdness & Mutations

You have a pair of horns on your head.
You reflexively headbutt those who attack you in melee.
You are partially covered in iridescent scales. (AC +2)
You possess an exceptional clarity of mind.
You are very clumsy. (Dex -4)
Armour fits poorly on your strangely shaped body.
Your body often deteriorates upon taking damage.
You are dopey. (Int -2)
You are frail. (-10% HP)
Your magical capacity is extremely low. (-30% MP)
You frequently scream uncontrollably at your foes.
You are very weak. (Str -4)
Your spells are a little harder to cast, but a little more powerful.
Potions cannot restore your health.
You sometimes lose the ability to read scrolls when taking damage.


Message History

* * * LOW HITPOINT WARNING * * *
You cannot read scrolls in your current state!
You deal a card...
You have dealt Degeneration.
The orb of fire is dazed by the mutagenic energy. x2
You deal a card...
You have dealt Wild Magic.
The orb of fire is caught in an explosion of flying shrapnel. x2
The air around the orb of fire burns with energy.
The orb of fire completely resists.
Rocks fall onto the orb of fire out of nowhere.
The storm dragon convulses helplessly with pain!
The storm dragon is drained!
You feel a surge of magic.
You deal a card...
You have dealt the Orb.
Press: ? - help, Shift-Dir - straight line, f - orb of fire
Aim: an orb of fire (heavily damaged, dazed)
The wavering orb of destruction weakly hits the orb of fire!!
The orb of fire is severely damaged.
You deal a card...
You have dealt Pain.
Press: ? - help, Shift-Dir - straight line, f/p - orb of fire
Aim: an orb of fire (severely damaged, dazed)
The orb of fire is unaffected.
You can no longer deal four cards at a time.
The orb of fire glows bright magenta.
The bolt of fire hits the orb of fire.
The orb of fire completely resists.
The bolt of fire hits you! You resist.
* * * LOW HITPOINT WARNING * * *
The orb of fire glows bright magenta.
The fireball explodes!
The fireball engulfs you!!! You resist.
* * * LOW HITPOINT WARNING * * *
Your body deteriorates!
You feel weakened.
The fireball engulfs the orb of fire.
The orb of fire completely resists.
The fireball engulfs the orb of fire.
The orb of fire completely resists.
The fireball engulfs the orb of fire.
The orb of fire completely resists.
You draw a card...
You have drawn the Elixir.
You begin rapidly regenerating health and magic.
The orb of fire is lost in a daze.
The orb of fire emits a lurid red light.
The fireball explodes!
The fireball engulfs you!!! You resist.
You die...
Your body glows with a rainbow of weird colours and disappears.

,,,,,,,,,**** *** ***▓▓▓▓▓▓▓▓▓▓#
#▓▓▓ ,,,..*.D..)..### ###...
,,^D....^##....## ##....#
,,,...^.,,###...###########...###
,,,..*.,,,,*##...............##*^
,,,...,,,,,* ##D*...........## #.
,,,..,,,,,,* #***..........# #.
,,,.,,,,,,,* ##@...)......## #.
,,,,,,,,,,,* #...........# #.
^,,,,,,,,,,* ##...........## *,
,,,,,,,,,^** #..........^..# **
,,,,,,,,,** ##.............#* *
,,,,,,,,** #...............#
####***##▓▓▓▓########.########▓▓▓
..#.#*##....#.##*,*#..###.##..#..
.*#..##.....#.##..##...##..#.##..


You could see 4 orbs of fire and a storm dragon (drained).

Vanquished Creatures
  the Royal Jelly (Slime:5)
  2 orbs of fire
  A juggernaut (Depths:5)
  A Killer Klown (Zot:5)
  Frederick (Depths:5)
  12 golden dragons
  A bone dragon (Depths:2)
  2 electric golems
  2 liches
  14 tentacled monstrosities
  A titan (Depths:4)
  8 Orb Guardians
  9 quicksilver dragons
  5 death cobs
  3 sphinxes (Depths:3)
  Gastronok (Lair:2)
  32 acid blobs
  A thorn hunter (Swamp:3)
  4 shadow dragons
  14 storm dragons
  5 tengu reavers
  A fenstrider witch (Depths:3)
  3 draconian monks
  24 azure jellies
  6 ghost moths
  4 draconian knights
  5 frost giants
  10 fire giants
  An iron dragon (Depths:2)
  5 vault wardens
  A draconian scorcher (Depths:5)
  An orc warlord (Vaults:2)
  17 rockslimes
  2 draconian shifters
  8 emperor scorpions
  A deep elf elementalist (Depths:3)
  2 ghouls
  3 draconian stormcallers
  2 war gargoyles
  6 spectral caustic shrikes (Depths:3)
  2 caustic shrike skeletons (Depths:2)
  7 ironbound preservers
  2 draconian annihilators
  16 stone giants
  A spriggan defender (Depths:2)
  12 quicksilver oozes
  22 very ugly things
  4 vampire knights
  13 black draconians
  A deep elf annihilator (Vaults:2)
  4 dire elephants (Vaults:1)
  A lorocyproca (Depths:3)
  5 red draconians
  14 green draconians
  Nessos (Lair:6)
  5 white draconians
  6 entropy weavers
  3 yellow draconians
  5 bunyips
  9 purple draconians
  5 ettins
  16 spark wasps
  A deep elf death mage (Depths:3)
  4 eleionomae
  6 fire dragons
  2 merfolk javelineers
  The ghost of Shym the Fighter, a journeyman MiBe of Trog (D:11)
  A shambling mangrove (Swamp:3)
  12 great orbs of eyes
  A merfolk impaler (Depths:1)
  7 vault guards (Vaults:1)
  6 yaktaur captains
  6 rakshasas
  2 ironbound thunderhulks
  A quicksilver dragon skeleton (Depths:2)
  2 peacekeepers
  Erolcha (Orc:2)
  5 ice dragons
  A hell beast (Depths:2)
  6 spriggan air magi
  21 hydras
  8 boulder beetles
  A death knight (D:15)
  2 catoblepae
  An anaconda (Swamp:3)
  4 alligators
  7 ghost crabs
  An anaconda (shapeshifter) (Depths:1)
  6 centaur warriors
  2 deep troll shamans
  An ironbound frostheart (Vaults:2)
  4 deep troll earth magi
  3 thrashing horrors (Lair:6)
  3 two-headed ogres
  2 vampire magi
  6 tengu warriors
  5 ironbound beastmasters
  A hell hog (Depths:2)
  11 spriggan berserkers
  A soul eater (Depths:2)
  Nergalle (D:10)
  7 hell knights
  A fire crab (shapeshifter) (Lair:6)
  A salamander mystic (Depths:4)
  A titan skeleton (Depths:2)
  A storm dragon skeleton (Depths:2)
  6 goliath frogs
  30 skeletal warriors
  3 glowing orange brains
  10 deep trolls
  2 iron trolls (Depths:2)
  A spriggan druid (Swamp:4)
  17 swamp dragons
  2 golden dragon skeletons (Depths:2)
  A death drake (Swamp:2)
  10 bog bodies
  An orange crystal statue (D:10)
  8 ironbound convokers
  4 lindwurms
  A phantasmal warrior (D:11)
  14 orb spiders
  A harpy (shapeshifter) (D:14)
  9 wizards
  An oklob plant (Lair:1)
  A harpy (Vaults:1)
  5 deep elf pyromancers (D:15)
  A lindwurm (shapeshifter) (D:13)
  24 wolf spiders
  3 salamanders (Depths:4)
  8 orc knights
  10 shining eyes
  42 ugly things
  A tengu skeleton (Depths:2)
  10 orc sorcerers
  4 manticores
  2 iron dragon skeletons (Depths:2)
  3 large abominations (Lair:6)
  A shadow dragon skeleton (Depths:2)
  23 moths of wrath
  A sphinx skeleton (Depths:2)
  2 will-o-the-wisps
  4 elephants
  4 cyclopes
  6 vault sentinels
  2 frost giant skeletons (Depths:2)
  2 stone giant skeletons (Depths:2)
  3 fire giant skeletons (Depths:2)
  5 eyes of devastation
  An orange demon (Depths:3)
  2 smoke demons
  A molten gargoyle (D:13)
  7 black mambas
  2 ice statues (IceCv)
  2 gargoyles (D:12)
  11 cane toads
  12 komodo dragons
  2 kobold demonologists
  9 yaktaurs
  2 freezing wraiths
  7 tengu conjurers
  5 ice devils
  7 demonic crawlers
  An entropy weaver simulacrum (IceCv)
  2 rime drakes
  An ancient zyme (Lair:6)
  A queen bee (shapeshifter) (Lair:6)
  7 trolls
  27 jumping spiders
  A bloated husk (Swamp:4)
  A troll (shapeshifter) (D:11)
  4 polar bears
  6 tyrant leeches
  Prince Ribbit (D:6)
  A jumping spider (shapeshifter) (Lair:6)
  19 hornets
  104 slime creatures
  A slime creature (shapeshifter) (D:13)
  A snapping turtle (shapeshifter) (Depths:3)
  7 dream sheep (Lair:6)
  20 blink frogs
  2 raiju (shapeshifter)
  17 spriggans
  26 tarantellas
  6 wraiths
  11 water elementals
  45 redbacks
  An ettin skeleton (Depths:2)
  8 flying skulls (Depths:2)
  3 ynoxinuls (Lair:6)
  8 wyverns
  15 yaks
  A vampire (D:11)
  9 spriggan skeletons (Depths:2)
  A shadow (D:11)
  A dire elephant simulacrum (IceCv)
  A death yak simulacrum (IceCv)
  A neqoxec (Depths:2)
  24 golden eyes
  5 basilisks
  5 vampire mosquitoes
  Menkaure (D:7)
  15 swamp worms
  18 water moccasins
  An acid dragon (D:14)
  A human skeleton (Depths:2)
  A floating eye (shapeshifter) (Depths:4)
  5 floating eyes
  18 orc warriors
  9 swamp drakes
  4 ice beasts
  2 black bears
  Duvessa (D:7)
  A sky beast (Swamp:4)
  9 small abominations (Lair:6)
  4 necrophages
  18 centaurs
  A wolf (shapeshifter) (Depths:3)
  10 ogres
  16 wolves
  A phantom (D:5)
  A kobold brigand (D:8)
  10 bullfrogs
  4 two-headed ogre simulacra (IceCv)
  10 scorpions
  Dowan (D:7)
  4 cane toad simulacra
  An elephant simulacrum (Lair:6)
  5 killer bees (D:10)
  2 howler monkeys (D:7)
  13 wights
  8 electric eels
  5 lava snakes
  A bullfrog zombie (D:6)
  8 centaur zombies
  2 hounds
  10 orc priests
  11 jellies
  2 centaur skeletons
  Crazy Yiuf (D:7)
  A gnoll shaman (D:6)
  3 iguanas
  Natasha (D:2)
  33 orc wizards
  2 polar bear simulacra
  A scorpion zombie (D:5)
  4 spriggan simulacra (IceCv)
  A troll simulacrum (IceCv)
  2 wolf simulacra
  3 howler monkey zombies
  5 gnolls
  6 adders
  A naga simulacrum (IceCv)
  3 ufetubi
  A worm (Lair:4)
  2 dart slugs
  71 orcs
  2 bats
  10 endoplasms
  2 giant cockroaches
  5 goblins
  10 hobgoblins
  5 quokkas
  9 ball pythons
  3 frilled lizards
  19 kobolds
  4 rats
  A bush (Lair:4)
1741 creatures vanquished.

Vanquished Creatures (collateral kills)
  An ancient lich (Zot:5)
  the Lernaean hydra (Swamp:4)
  Bai Suzhen (Swamp:3)
  A golden dragon (Depths:3)
  Nikola (Swamp:3)
  Arachne (Spider:4)
  A tentacled monstrosity (Depths:3)
  An Orb Guardian (Zot:5)
  A quicksilver dragon (Zot:5)
  2 acid blobs (Slime:5)
  A tengu reaver (Depths:3)
  A thorn hunter (Swamp:3)
  An orc warlord (Orc:2)
  A frost giant (Depths:3)
  2 very ugly things (Depths:3)
  A quicksilver ooze (Slime:5)
  A reaper (IceCv)
  A fire dragon (Depths:3)
  A shambling mangrove (Swamp:3)
  An ice dragon (Depths:3)
  2 hydras
  A flayed ghost (Depths:3)
  3 orb spiders
  2 wolf spiders
  A wolf spider (shapeshifter) (Depths:3)
  A slime creature (Slime:5)
  A cyclops (D:7)
  A gargoyle (D:7)
  An unseen horror (D:7)
  A kobold demonologist (D:7)
  2 ice devils (IceCv)
  A jumping spider (Spider:4)
  2 hornets
  4 redbacks
  A tarantella (Spider:1)
  The ghost of kaesh the Chopper, an amateur MiBe of Trog (D:3)
  2 vampire mosquitoes (D:11)
  3 orc warriors (Orc:2)
  A black bear (D:4)
  An elephant simulacrum (IceCv)
  A hound (D:4)
  An orc priest (D:3)
  An orc wizard (Orc:2)
  An orc (Orc:2)
  A quokka (D:3)
59 creatures vanquished.

Vanquished Creatures (others)
  An Orb Guardian (Zot:5)
  A storm dragon (Swamp:4)
  A draconian annihilator (Zot:3)
  An ice dragon (Swamp:3)
  A tengu warrior (D:15)
  Sonja (Lair:6)
  A goliath frog (Swamp:3)
  An orb spider (Spider:4)
  A moth of wrath (Swamp:3)
  4 bloated husks
  A hornet (Swamp:4)
  A spriggan (Swamp:4)
  An electric eel (Spider:4)
  An orc wizard (D:9)
  2 white imps (IceCv)
  A giant cockroach (D:4)
  12 foxfires
  32 fungi
  60 plants
124 creatures vanquished.

Grand Total: 1924 creatures vanquished

Notes
Turn   | Place    | Note
-------+----------+-------------------------------------------
     0 | D:1      | TotallyRasta the Minotaur Fighter began the quest for the
                  | Orb.
     0 | D:1      | Reached XP level 1. HP: 19/19 MP: 0/0
   127 | D:1      | Reached XP level 2. HP: 25/27 MP: 1/1
   584 | D:2      | Found Roukkot's Distillery.
   640 | D:2      | Found a faded altar of an unknown god.
   697 | D:2      | Became a worshipper of Nemelex Xobeh the Trickster
   697 | D:2      | Reached * piety under Nemelex Xobeh
   697 | D:2      | Received a gift from Nemelex Xobeh
   988 | D:2      | Reached XP level 3. HP: 31/33 MP: 2/2
  1057 | D:2      | Noticed Natasha
  1062 | D:2      | Killed Natasha
  1063 | D:2      | Reached skill level 3 in Axes
  1294 | D:3      | Reached XP level 4. HP: 40/40 MP: 3/3
  1303 | D:3      | Reached skill level 1 in Invocations
  1424 | D:3      | Found a runed translucent gate.
  1426 | D:3      | Found a runed translucent gate.
  1426 | D:3      | Found a runed translucent gate.
  1427 | D:3      | Noticed kaesh's ghost (amateur MiBe)
  1546 | D:3      | Reached ** piety under Nemelex Xobeh
  1889 | D:3      | Reached XP level 5. HP: 39/47 MP: 3/5
  2688 | D:3      | Killed kaesh's ghost
  2689 | D:3      | Reached skill level 4 in Axes
  2689 | D:3      | Reached XP level 6. HP: 55/55 MP: 6/6
  2773 | D:4      | Noticed a water moccasin
  2775 | D:4      | Noticed a hornet
  2775 | D:4      | a water moccasin changed into a hornet
  2782 | D:4      | Paralysed by a hornet for 3 turns
  2786 | D:4      | Killed a hornet
  2989 | D:4      | Noticed Edmund
  2989 | D:4      | Noticed a sky beast
  2990 | D:4      | Noticed Edmund
  2990 | D:4      | Edmund changed into Edmund the swamp drake
  2990 | D:4      | Noticed a hornet
  2990 | D:4      | a sky beast changed into a hornet
  3000 | D:4      | Killed Edmund the swamp drake
  3001 | D:4      | Reached XP level 7. HP: 37/61 MP: 6/8
  3201 | D:4      | Noticed a rime drake
  3201 | D:4      | a hornet changed into a rime drake
  3203 | D:4      | Gained mutation: You are partially covered in iridescent
                  | scales. (AC +2) [potion of mutation]
  3203 | D:4      | Gained mutation: Your natural rate of healing is unusually
                  | fast. [potion of mutation]
  3203 | D:4      | Gained mutation: Your magical capacity is low. (-10% MP)
                  | [potion of mutation]
  3206 | D:4      | Killed a rime drake
  3207 | D:4      | Reached skill level 5 in Axes
  3207 | D:4      | Reached skill level 6 in Armour
  3207 | D:4      | Reached skill level 6 in Shields
  3207 | D:4      | Reached skill level 3 in Invocations
  3348 | D:4      | Received a gift from Nemelex Xobeh
  3500 | D:4      | Identified the +0 ring mail of Bright the Good {Fly Will+
                  | rCorr}
  3510 | D:4      | Found Qauphy's Book Boutique.
  3527 | D:4      | Found a staircase to the Ecumenical Temple.
  3541 | D:4      | Got the Catalogue of Poisoning and the Mountains
  3879 | D:5      | Entered Level 5 of the Dungeon
  3994 | D:5      | Found a sacrificial altar of Ru.
  3999 | D:5      | Reached skill level 6 in Fighting
  4071 | D:5      | Reached XP level 8. HP: 70/70 MP: 8/8
  4398 | D:5      | Received a gift from Nemelex Xobeh
  4503 | D:5      | Reached *** piety under Nemelex Xobeh
  4960 | D:6      | Reached skill level 6 in Axes
  5087 | D:6      | Received a gift from Nemelex Xobeh
  5455 | D:6      | Noticed Prince Ribbit
  5483 | D:6      | Killed Prince Ribbit
  5484 | D:6      | Reached XP level 9. HP: 46/79 MP: 10/10
  5822 | D:7      | Identified the +2 pair of boots "Azuip" {rElec}
  5922 | D:7      | Reached skill level 7 in Axes
  5977 | D:7      | Noticed Menkaure
  5987 | D:7      | Killed Menkaure
  6020 | D:7      | Found a runed translucent door.
  6021 | D:7      | Noticed Crazy Yiuf
  6026 | D:7      | Killed Crazy Yiuf
  6193 | D:7      | Reached **** piety under Nemelex Xobeh
  6266 | D:7      | Noticed a kobold demonologist
  6272 | D:7      | Noticed a kobold demonologist
  6280 | D:7      | Noticed a cyclops
  6288 | D:7      | Killed a kobold demonologist
  6301 | D:7      | Killed an unseen horror
  6308 | D:7      | Killed a cyclops
  6326 | D:7      | Killed a kobold demonologist
  6327 | D:7      | Reached skill level 8 in Axes
  6327 | D:7      | Reached skill level 6 in Invocations
  6330 | D:7      | Noticed a gargoyle
  6341 | D:7      | Killed a gargoyle
  6342 | D:7      | Reached XP level 10. HP: 90/90 MP: 12/12
  6392 | D:7      | Noticed Duvessa
  6392 | D:7      | Noticed Dowan
  6396 | D:7      | Killed Duvessa
  6398 | D:7      | Killed Dowan
  6955 | D:8      | Reached skill level 9 in Shields
  6981 | D:8      | Reached skill level 9 in Armour
  7068 | D:8      | Received a gift from Nemelex Xobeh
  7501 | D:8      | Reached skill level 9 in Fighting
  7846 | D:9      | Found Qugrael's General Store.
  7868 | D:9      | Received a gift from Nemelex Xobeh
  8082 | D:9      | Reached skill level 9 in Axes
  8106 | D:9      | You fall into a shaft and drop 1 floor!
  8106 | D:10     | Entered Level 10 of the Dungeon
  8109 | D:10     | Found a staircase to the Lair.
  8179 | D:10     | Noticed Nergalle
  8186 | D:10     | Killed Nergalle
  8187 | D:10     | Reached XP level 11. HP: 96/99 MP: 10/13
  8332 | D:10     | Noticed a two-headed ogre
  8351 | D:10     | Killed a two-headed ogre
  8362 | D:10     | Noticed an orange crystal statue
  9107 | D:11     | Noticed a boulder beetle
  9111 | D:11     | Noticed a five-headed hydra
  9119 | D:11     | Killed a six-headed hydra
  9120 | D:11     | Reached skill level 10 in Axes
  9172 | D:11     | Found a gate leading to a gauntlet.
  9178 | Gauntlet | Entered a Gauntlet
  9178 | Gauntlet | Found a transporter.
  9178 | Gauntlet | Found a transporter.
  9179 | Gauntlet | Found a transporter.
  9180 | Gauntlet | Found a transporter.
  9180 | Gauntlet | Found a transporter.
  9180 | Gauntlet | Noticed a necromancer
  9183 | Gauntlet | Found a transporter.
  9190 | Gauntlet | Found a transporter.
  9191 | Gauntlet | Found a transporter.
  9192 | Gauntlet | Found a transporter.
  9194 | Gauntlet | Found a transporter.
  9194 | Gauntlet | Noticed a sixfirhy
  9195 | Gauntlet | Noticed a sixfirhy
  9198 | Gauntlet | Noticed a sixfirhy
  9201 | Gauntlet | Noticed a catoblepas
  9202 | Gauntlet | Found a transporter.
  9205 | Gauntlet | Found a transporter.
  9213 | Gauntlet | Noticed a sixfirhy
  9337 | Gauntlet | Noticed a lindwurm
  9337 | Gauntlet | a moth of wrath changed into a lindwurm
  9488 | D:11     | Found a portal to a secret trove of treasure.
  9636 | D:11     | Killed a boulder beetle
  9718 | D:11     | Found a runed translucent gate.
  9718 | D:11     | Noticed an orc knight
  9718 | D:11     | Noticed a shock serpent
  9719 | D:11     | Identified the -1 long sword of the Freezing Tiger {holy,
                  | Str+3}
  9739 | D:11     | Found a runed translucent gate.
  9740 | D:11     | Found a runed translucent gate.
  9740 | D:11     | Noticed a shining eye
  9740 | D:11     | Noticed a red ugly thing
  9742 | D:11     | Noticed Shym's ghost (journeyman MiBe)
  9749 | D:11     | Noticed a phantasmal warrior
  9763 | D:11     | a shining eye changed into a merfolk
  9993 | Lair:1   | Entered Level 1 of the Lair of Beasts
 10154 | Lair:1   | Noticed a six-headed hydra
 10155 | Lair:1   | Noticed an oklob plant
 10168 | Lair:1   | Killed a six-headed hydra
 10183 | Lair:1   | Noticed an eight-headed hydra
 10190 | Lair:1   | Killed a nine-headed hydra
 10407 | Lair:1   | Reached XP level 12. HP: 105/110 MP: 15/15
 10493 | Lair:1   | Noticed a six-headed hydra
 10856 | D:10     | Noticed a two-headed ogre
 10896 | D:10     | Noticed a two-headed ogre
 10897 | D:10     | Noticed a two-headed ogre
 10900 | D:10     | Noticed a two-headed ogre
 10987 | D:10     | Found a staircase to the Orcish Mines.
 11094 | Lair:1   | Reached skill level 11 in Axes
 11094 | Lair:1   | Killed a three-headed hydra
 11095 | Lair:1   | Reached skill level 9 in Invocations
 11210 | Lair:1   | Received a gift from Nemelex Xobeh
 11776 | Lair:2   | Identified the +6 shortbow "Apeopimp" {vorpal, rPois rCorr
                  | Str+3}
 12114 | Lair:2   | Noticed Gastronok
 12131 | Lair:2   | Killed Gastronok
 12252 | Lair:2   | Reached skill level 12 in Armour
 12252 | Lair:2   | Reached skill level 12 in Shields
 12655 | Lair:3   | Received a gift from Nemelex Xobeh
 12680 | Lair:3   | Found a staircase to the Swamp.
 12720 | Lair:3   | Reached ***** piety under Nemelex Xobeh
 12782 | Lair:3   | Reached skill level 12 in Fighting
 12797 | Lair:3   | Received a gift from Nemelex Xobeh
 13612 | Lair:3   | Identified a scroll of acquirement
 13615 | Lair:3   | Acquired the +0 pair of fencer's gloves {Riposte Dex+3}
 13616 | Lair:3   | Found the +0 pair of fencer's gloves {Riposte Dex+3}
 13767 | Lair:4   | Found a hole to the Spider Nest.
 13845 | Lair:4   | Noticed a catoblepas
 13865 | Lair:4   | Killed a catoblepas
 13866 | Lair:4   | Reached skill level 12 in Axes
 13866 | Lair:4   | Reached skill level 1 in Dodging
 13866 | Lair:4   | Reached XP level 13. HP: 118/118 MP: 12/17
 14075 | Lair:4   | Received a gift from Nemelex Xobeh
 14676 | Lair:5   | Acquired the amulet "Nemen" {Reflect Str+5 Dex-5 SH+5 SInv
                  | Stlth+}
 14720 | Lair:5   | Received a gift from Nemelex Xobeh
 14820 | Lair:5   | Found a viscous altar of Jiyva.
 14821 | Lair:5   | Found a staircase to the Slime Pits.
 14834 | Lair:5   | Reached skill level 3 in Dodging
 14887 | Lair:6   | Entered Level 6 of the Lair of Beasts
 14913 | Lair:6   | Found a frozen archway.
 14957 | IceCv    | Entered an ice cave
 15014 | IceCv    | Received a gift from Nemelex Xobeh
 15026 | IceCv    | Noticed a reaper
 15082 | IceCv    | Killed a reaper
 15413 | Lair:6   | Reached skill level 13 in Axes
 15771 | Lair:5   | Received a gift from Nemelex Xobeh
 16250 | Lair:6   | Noticed Sonja
 16257 | Lair:6   | Killed Sonja
 16286 | Lair:6   | Reached XP level 14. HP: 121/127 MP: 18/18
 16318 | Lair:6   | Noticed Nessos
 16328 | Lair:6   | Killed Nessos
 16329 | Lair:6   | Reached skill level 6 in Dodging
 16875 | Lair:6   | Received a gift from Nemelex Xobeh
 17083 | Lair:6   | Identified the +7 great sword of Radicalism {drain, +Rage
                  | rN+ Str+3}
 17247 | Lair:6   | Found a corrupted altar of Lugonu.
 17247 | Lair:6   | Found a one-way gate to the infinite horrors of the Abyss.
 17704 | Orc:1    | Entered Level 1 of the Orcish Mines
 17923 | Orc:2    | Entered Level 2 of the Orcish Mines
 17923 | Orc:2    | Found Qietuck's Antique Weapon Boutique.
 17949 | Orc:2    | Noticed an orc warlord
 17959 | Orc:2    | Killed an orc warlord
 18005 | Orc:2    | Found Foalizu's Assorted Antiques.
 18014 | Orc:2    | Bought a scroll of enchant weapon for 142 gold pieces
 18028 | Orc:2    | Found a staircase to the Elven Halls.
 18031 | Orc:2    | Found Azxiah's Antique Weapon Shop.
 18034 | Orc:2    | Found Daduapt's CLEARANCE SALE! EVERYTHING MUST GO!.
 18100 | Orc:2    | Found Acsuid's Jewellery Shoppe.
 18143 | Orc:2    | Received a gift from Nemelex Xobeh
 18171 | Orc:2    | Reached skill level 14 in Axes
 18209 | Orc:2    | Found an ancient bone altar of Kikubaaqudgha.
 18219 | Orc:2    | Found Eteph's Antique Weapon Shoppe.
 18230 | Orc:2    | Noticed Erolcha
 18244 | Orc:2    | Killed Erolcha
 18279 | Orc:2    | Found a radiant altar of Vehumet.
 18294 | Orc:2    | Found Tomiloxt's Antique Armour Emporium.
 18339 | Orc:2    | Found Camuf's Magic Scroll Emporium.
 18402 | Orc:2    | Found Huorisai's Jewellery Shoppe.
 18573 | Orc:2    | Found Qeumupno's Armour Emporium.
 18590 | Orc:2    | Bought the +9 plate armour of the Meadowlark {rCorr Str+3}
                  | for 955 gold pieces
 20000 | D:11     | Killed Shym's ghost
 20127 | D:12     | Reached XP level 15. HP: 136/136 MP: 19/19
 20339 | D:12     | Received a gift from Nemelex Xobeh
 20989 | Spider:1 | Entered Level 1 of the Spider Nest
 21118 | Spider:1 | Reached ****** piety under Nemelex Xobeh
 21138 | Spider:1 | Noticed a ghost moth
 21148 | Spider:1 | Killed a ghost moth
 21156 | Spider:1 | Reached skill level 9 in Dodging
 22052 | Spider:2 | Received a gift from Nemelex Xobeh
 22081 | Spider:2 | Reached skill level 15 in Shields
 22619 | Spider:3 | Received a gift from Nemelex Xobeh
 22774 | Spider:3 | Reached skill level 15 in Axes
 23240 | Spider:3 | Received a gift from Nemelex Xobeh
 23533 | Spider:4 | Entered Level 4 of the Spider Nest
 23533 | Spider:4 | Noticed a ghost moth
 23533 | Spider:4 | Noticed a ghost moth
 23628 | Spider:4 | Killed a ghost moth
 23639 | Spider:4 | Killed a ghost moth
 23795 | Spider:4 | Reached XP level 16. HP: 107/146 MP: 21/21
 23862 | Spider:4 | Noticed Arachne
 23903 | Spider:4 | Killed Arachne
 24009 | Spider:4 | Received a gift from Nemelex Xobeh
 24250 | Spider:4 | Reached skill level 16 in Axes
 24330 | Spider:4 | Reached skill level 12 in Invocations
 24360 | Spider:4 | Got a gossamer rune of Zot
 24951 | Swamp:1  | Entered Level 1 of the Swamp
 25124 | Swamp:1  | Received a gift from Nemelex Xobeh
 25660 | Swamp:2  | Reached skill level 12 in Dodging
 25668 | Swamp:2  | Received a gift from Nemelex Xobeh
 25809 | Swamp:2  | Received a gift from Nemelex Xobeh
 26050 | Swamp:3  | Noticed a thorn hunter
 26083 | Swamp:3  | Noticed Bai Suzhen
 26096 | Swamp:3  | Killed a thorn hunter
 26099 | Swamp:3  | Killed Bai Suzhen
 26100 | Swamp:3  | Reached XP level 17. HP: 147/154 MP: 15/22
 26180 | Swamp:3  | Reached skill level 15 in Armour
 26425 | Swamp:3  | Found a runed translucent gate.
 26426 | Swamp:3  | Found a runed translucent gate.
 26427 | Swamp:3  | Found a runed translucent gate.
 26428 | Swamp:3  | Received a gift from Nemelex Xobeh
 26428 | Swamp:3  | Noticed Zahirihu's ghost (adept MiFi)
 26568 | Swamp:3  | Noticed Nikola
 26580 | Swamp:3  | Killed Nikola
 26581 | Swamp:3  | Reached skill level 17 in Axes
 26613 | Swamp:3  | Reached skill level 15 in Fighting
 27386 | Swamp:3  | Noticed a quicksilver dragon
 27386 | Swamp:3  | a fenstrider witch changed into a quicksilver dragon
 27530 | Swamp:4  | Entered Level 4 of the Swamp
 27878 | Swamp:4  | Received a gift from Nemelex Xobeh
 27923 | Swamp:4  | Noticed the 27-headed Lernaean hydra
 27937 | Swamp:4  | Killed the 26-headed Lernaean hydra
 27958 | Swamp:4  | Got a decaying rune of Zot
 28998 | D:13     | Found a gate to the Vaults.
 29046 | D:13     | Received a gift from Nemelex Xobeh
 29146 | D:14     | Reached skill level 18 in Axes
 29146 | D:14     | Reached XP level 18. HP: 162/163 MP: 23/23
 29245 | D:14     | Received a gift from Nemelex Xobeh
 29372 | D:14     | Acquired a manual of Dodging
 29424 | D:14     | Found a flagged portal.
 29455 | Bailey   | Entered a bailey
 29648 | Bailey   | Found an iron altar of Okawaru.
 29828 | D:14     | Received a gift from Nemelex Xobeh
 29961 | D:15     | Entered Level 15 of the Dungeon
 30054 | D:15     | Found a staircase to the Depths.
 30060 | D:15     | Received a gift from Nemelex Xobeh
 30298 | D:15     | Received a gift from Nemelex Xobeh
 30822 | Vaults:1 | Entered Level 1 of the Vaults
 30895 | Vaults:1 | Reached skill level 15 in Dodging
 31118 | Vaults:1 | Received a gift from Nemelex Xobeh
 31589 | Vaults:1 | Received a gift from Nemelex Xobeh
 32025 | Vaults:2 | Reached skill level 19 in Axes
 32461 | Slime:1  | Entered Level 1 of the Pits of Slime
 32601 | Slime:1  | Reached XP level 19. HP: 168/172 MP: 21/25
 32816 | Slime:2  | Gained mutation: Your body sometimes deteriorates upon
                  | taking damage. [a shining eye]
 32818 | Slime:2  | Gained mutation: Your body often deteriorates upon taking
                  | damage. [a shining eye]
 32820 | Slime:2  | Gained mutation: Your spells are a little harder to cast,
                  | but a little more powerful. [a shining eye]
 32911 | Slime:2  | Gained mutation: You sometimes lose the ability to read
                  | scrolls when taking damage. [a shining eye]
 32919 | Slime:2  | Gained mutation: You possess an exceptional clarity of
                  | mind. [a shining eye]
 33801 | Slime:3  | Paralysed by a floating eye for 2 turns
 33806 | Slime:3  | Gained mutation: Potions are less effective at restoring
                  | your health. [a shining eye]
 33809 | Slime:3  | Gained mutation: Potions cannot restore your health. [a
                  | shining eye]
 33844 | Slime:3  | Received a gift from Nemelex Xobeh
 33993 | Slime:4  | Gained mutation: You are dopey. (Int -2) [a shining eye]
 34035 | Slime:4  | Gained mutation: Your magical capacity is very low. (-20%
                  | MP) [a shining eye]
 34077 | Slime:4  | Gained mutation: You are weak. (Str -2) [a shining eye]
 34081 | Slime:4  | Gained mutation: Armour fits poorly on your strangely
                  | shaped body. [a shining eye]
 34120 | Slime:4  | Received a gift from Nemelex Xobeh
 34355 | Slime:5  | Entered Level 5 of the Pits of Slime
 34761 | Slime:5  | Noticed the Royal Jelly
 34801 | Slime:5  | Reached skill level 18 in Dodging
 34801 | Slime:5  | Found a viscous altar of Jiyva.
 34954 | Slime:4  | Reached skill level 20 in Axes
 35709 | Slime:5  | Killed the Royal Jelly
 35710 | Slime:5  | Reached XP level 20. HP: 184/184 MP: 14/23
 35796 | Slime:5  | Lost intelligence.
 37536 | Orc:2    | Bought the ring of Ystucirph {rC+ Int+5 Dex+4} for 814 gold
                  | pieces
 37882 | Slime:4  | Received a gift from Nemelex Xobeh
 38206 | Slime:5  | Got a slimy rune of Zot
 38217 | Slime:5  | Identified the +6 demon trident of Parts Unknown {vamp, rF+
                  | Dex+3}
 38238 | Slime:5  | Identified the ring of Mirth {rN+ EV+4 Str+4 Slay+3}
 38278 | Slime:5  | Identified the +5 quarterstaff "Zeafraopn" {venom, Will+
                  | Int+3}
 38427 | Slime:1  | Gained mutation: Your magical capacity is extremely low.
                  | (-30% MP) [a shining eye]
 38781 | Vaults:2 | Identified the +7 hand axe of Xuerump {holy, +Rage SInv}
 39112 | Vaults:2 | Found a transporter.
 39251 | Vaults:2 | Received a gift from Nemelex Xobeh
 39578 | Vaults:2 | Received a gift from Nemelex Xobeh
 39602 | Vaults:2 | Found Merreun's Antique Armour Emporium.
 39746 | Vaults:2 | Found a transporter.
 39943 | Depths:1 | Entered Level 1 of the Depths
 40005 | Depths:1 | Reached skill level 21 in Axes
 40265 | Depths:1 | Found a gateway to Hell.
 40267 | Depths:1 | Received a gift from Nemelex Xobeh
 40466 | Depths:1 | Reached skill level 15 in Invocations
 40515 | Depths:1 | Reached XP level 21. HP: 193/193 MP: 21/21
 40834 | Depths:1 | Found a blossoming altar of Fedhas.
 40911 | Depths:2 | Received a gift from Nemelex Xobeh
 41248 | Depths:2 | Reached skill level 18 in Armour
 41379 | Depths:2 | Received a gift from Nemelex Xobeh
 41613 | Depths:2 | Reached skill level 18 in Fighting
 41699 | Depths:2 | Found Vacuerghe's Assorted Antiques.
 41702 | Depths:2 | Bought a scroll of enchant armour for 187 gold pieces
 41758 | Depths:2 | Found a blossoming altar of Fedhas.
 41788 | Depths:2 | Found a shadowy altar of Dithmenos.
 41788 | Depths:2 | Found a shimmering altar of Xom.
 41790 | Depths:2 | Found a burning altar of Makhleb.
 41790 | Depths:2 | Found a sparkling altar of Nemelex Xobeh.
 41790 | Depths:2 | Found a sacrificial altar of Ru.
 41986 | Depths:2 | Got the Incunabulum of Bewitchment and the Escort
 42140 | Depths:2 | Found the ring of Shadows {Umbra +Inv Stlth+}
 42622 | Depths:3 | Reached skill level 22 in Axes
 42674 | Depths:3 | Gained mutation: You are very dopey. (Int -4) [a neqoxec]
 42681 | Depths:3 | Gained mutation: You are clumsy. (Dex -2) [a neqoxec]
 42866 | Depths:3 | Noticed a golden dragon
 42875 | Depths:3 | a golden dragon changed into a quicksilver dragon
 43037 | Depths:3 | Found a one-way gate leading to the halls of Pandemonium.
 43265 | Depths:3 | Found a magical portal.
 43447 | Depths:3 | Reached XP level 22. HP: 195/197 MP: 22/22
 43632 | Depths:3 | Noticed a golden dragon
 43639 | Depths:3 | Killed a golden dragon
 43774 | Depths:3 | Identified the amulet "Herriqal" {RegenMP rPois}
 43797 | Depths:3 | Acquired a manual of Invocations
 43818 | Depths:3 | Identified the +0 pair of gloves "Juxeaf" {rPois rF+ Int-2}
 43904 | Depths:3 | Identified the +1 scale mail of Qazlal {Harm Dex+4}
 44045 | Depths:3 | Gained mutation: You are very weak. (Str -4) [a shining
                  | eye]
 44140 | Depths:3 | Found a gateway to a ziggurat.
 44364 | Depths:3 | Identified the +9 falchion "Xuopu" {vorpal, rN+}
 44657 | Depths:3 | Reached skill level 21 in Dodging
 44786 | Depths:4 | Paralysed by a great orb of eyes for 3 turns
 44792 | Depths:4 | Paralysed by a great orb of eyes for 4 turns
 44956 | Depths:4 | Paralysed by a vampire knight for 2 turns
 45494 | Depths:5 | Entered Level 5 of the Depths
 45499 | Depths:5 | Found Tatuyn's Antique Armour Shoppe.
 45704 | Depths:5 | Paralysed by a vampire knight for 5 turns
 45769 | Depths:5 | Found a broken altar of Ashenzari.
 45893 | Depths:5 | Noticed a golden dragon
 45893 | Depths:5 | Noticed a golden dragon
 45932 | Depths:5 | Killed a golden dragon
 45933 | Depths:5 | Reached skill level 23 in Axes
 45937 | Depths:5 | Killed a golden dragon
 45996 | Depths:5 | Found a gate to the Realm of Zot.
 46140 | Depths:5 | Received a gift from Nemelex Xobeh
 46198 | Depths:5 | Reached XP level 23. HP: 161/213 MP: 23/23
 46254 | Depths:5 | Noticed Frederick
 46271 | Depths:5 | Killed Frederick
 46588 | Depths:5 | Noticed a juggernaut
 46604 | Depths:5 | Killed a juggernaut
 46869 | Zot:1    | Entered Level 1 of the Realm of Zot
 47218 | Zot:1    | Received a gift from Nemelex Xobeh
 48072 | Zot:2    | Received a gift from Nemelex Xobeh
 48166 | Zot:2    | Noticed an orb of fire
 48171 | Zot:2    | Gained mutation: You are very clumsy. (Dex -4) [an orb of
                  | fire]
 48181 | Zot:2    | Lost mutation: Your natural rate of healing is unusually
                  | fast. [an orb of fire]
 48182 | Zot:2    | Gained mutation: You occasionally shout uncontrollably at
                  | your foes. [an orb of fire]
 48184 | Zot:2    | Gained mutation: You frequently scream uncontrollably at
                  | your foes. [an orb of fire]
 48185 | Zot:2    | Killed an orb of fire
 49184 | Zot:2    | Reached skill level 24 in Axes
 49285 | Zot:2    | Reached XP level 24. HP: 158/223 MP: 24/24
 49711 | Zot:2    | Upgraded the game from 0.28-a0-79-g444c7a33f5 to
                  | 0.28-a0-80-g9707f7362f
 50014 | Zot:3    | Received a gift from Nemelex Xobeh
 50098 | Zot:3    | Identified the +7 falchion of the Sage {vorpal, *Rage rPois
                  | Will+++ Dex-5}
 50774 | Zot:4    | Reached skill level 18 in Invocations
 51290 | Zot:4    | Reached skill level 18 in Shields
 52278 | Zot:5    | Entered Level 5 of the Realm of Zot
 52837 | Zot:5    | Received a gift from Nemelex Xobeh
 52838 | Zot:5    | Noticed an orb of fire
 53164 | Zot:5    | Gained mutation: You are frail. (-10% HP) [an orb of fire]
 53172 | Zot:5    | Killed an orb of fire
 53690 | Zot:5    | Reached XP level 25. HP: 199/209 MP: 24/24
 53822 | Zot:5    | Noticed a Killer Klown
 53832 | Zot:5    | Killed a Killer Klown
 53980 | Zot:5    | Noticed an ancient lich
 53987 | Zot:5    | Killed an ancient lich
 53995 | Zot:5    | Noticed an orb of fire
 53996 | Zot:5    | Noticed an orb of fire
 54008 | Zot:5    | Noticed an orb of fire
 54009 | Zot:5    | Noticed an orb of fire
 54012 | Zot:5    | Lost mutation: You are very dopey. (Int -4) [an orb of
                  | fire]
 54016 | Zot:5    | HP: 10/209 [orb of fire/fireball (39)]
 54017 | Zot:5    | Killed from afar by an orb of fire

Illustrated notes

Levels and vault maps discovered:
D:1:      minmay_arrival_three_doors, layout_basic
D:2:      layout_basic, serial_shops, shop, hellmonk_ecumenical_altar_lost_god,
          minmay_misc_feat_square, wad_orctagon, uniq_natasha
D:3:      layout_rooms, gammafunk_ghost_split, minmay_diced_spiral
D:4:      layout_loops_ring, minmay_temple_entry_offerings, serial_shops,
          nicolae_shop_stone, minmay_liquid_box, uniq_edmund
D:5:      layout_loops_corners, nicolae_ru_great_annihilating_truth
D:6:      layout_cave_pods, uniq_prince_ribbit1
D:7:      minmay_blocky_corners, layout_loops_ring, minmay_crystal_water,
          uniq_crazy_yiuf_cottage, uniq_duvessa, uniq_menkaure
D:8:      layout_loops_corners
D:9:      layout_rooms, serial_shops, shop
D:10:     layout_loops_cross, david_lair_shrubbed, orc_0_dummy, disabler_island,
          uniq_nergalle
D:11:     layout_roguey, gauntlet_entry_generic, gammafunk_ghost_split,
          enter_trove_0
D:12:     layout_long_grid, kb_lookout_dungeons_type
D:13:     layout_big_octagon, david_vaults_2
D:14:     layout_small_grid, enter_bailey_5
D:15:     hangedman_depths_entry_civil_slaughter, layout_loops_cross,
          grunt_ministairs_1
Lair:1:   layout_cave_pods, minmay_lair_oklob_chamber, lemuel_fruit_fields
Lair:2:   layout_layer_cave, grunt_megastairs_2, uniq_gastronok
Lair:3:   layout_cave_pods, swamp_mist
Lair:4:   layout_long_grid, nicolae_spider_entry_non_spiders, st_stairs_11
Lair:5:   layout_regular_city, slime_altar_1, forest_entry_grove
Lair:6:   hellmonk_lair_end_abyssal_woods, layout_long_grid,
          portal_ice_cave_entry_ice_simulacra, hibernation_bobbens,
          grunt_megastairs_5, uniq_nessos, uniq_sonja
Swamp:1:  layout_basic_swamp, nicolae_swamp_well_well_well, swamp_pool2
Swamp:2:  layout_basic_swamp, hangedman_swamp_ruin_wall
Swamp:3:  layout_falls_marsh, gammafunk_ghost_split,
          nicolae_swamp_feature_on_the_river_bank, swamp_pool4,
          nicolae_swamp_snake_nest, uniq_bai_suzhen, uniq_nikola
Swamp:4:  grunt_swamp_rune_castle, layout_basic_swamp
Spider:1: layout_spider_delve
Spider:2: layout_spider_delve, drop_trap, nicolae_spider_spiderdrome
Spider:3: nicolae_spider_hilbert_zone_7 [nicolae_spider_hilbert_4_sides_1_open,
          nicolae_spider_hilbert_4_sides_1_open,
          nicolae_spider_hilbert_4_sides_1_open,
          nicolae_spider_hilbert_4_sides_1_open,
          nicolae_spider_hilbert_3_sides_1_open,
          nicolae_spider_hilbert_3_sides_1_open,
          nicolae_spider_hilbert_3_sides_1_open,
          nicolae_spider_hilbert_3_sides_1_open,
          nicolae_spider_hilbert_4_sides_1_open,
          nicolae_spider_hilbert_4_sides_1_open,
          nicolae_spider_hilbert_4_sides_1_open,
          nicolae_spider_hilbert_2_sides_1_open,
          nicolae_spider_hilbert_2_sides_1_open,
          nicolae_spider_hilbert_2_sides_1_open,
          nicolae_spider_hilbert_2_sides_1_open,
          nicolae_spider_hilbert_2_sides_1_open,
          nicolae_spider_hilbert_2_sides_1_open]
Spider:4: grunt_spider_rune_circles, hangedman_spider_tarantella_strand,
          uniq_arachne
Slime:1:  layout_caves
Slime:2:  cheibrodos_slime_lost_civilization_3, layout_caves
Slime:3:  layout_caves
Slime:4:  nicolae_slime_jelly_donut, layout_caves
Slime:5
Orc:1:    layout_diamond_mine
Orc:2:    kennysheep_orc_mage_school, layout_diamond_mine, serial_shops, shop,
          nicolae_diamond_shop, shop_statue, nicolae_shop_trees, shop_statue,
          nicolae_shop_clearance
Vaults:1: vaults_room_hallway, ontoclasm_vaults_twist, vaults_dpeg_ring,
          ontoclasm_vaults_gateway, vaults_dpeg_cross, hangedman_vaults_slice,
          vaults_standard_mumra_lines, vaults_mumra_hex, vaults_dpeg_hooks,
          v_pattern_5, layout_vaults_omnicross
Vaults:2: gammafunk_dig_for_victory, nicolae_vaults_sealed_display,
          grunt_vaults_hallway_long, v_misc_13, hangedman_vaults_stagger,
          vaults_room_pools, ontoclasm_vaults_ligature, grunt_vaults_swirl,
          nicolae_vaults_little_squares_3, layout_vaults_big_room, serial_shops,
          nicolae_square_shop
Depths:1: layout_cave_pools, hell_entry, fedhas_altar_4, kennysheep_kite_vault,
          serial_bayou_shore_b
Depths:2: minmay_skeleton_keep, layout_long_grid, grunt_mini_vestibule,
          serial_shops, kennysheep_mini, doesnt_xom_only_xom,
          minmay_staircase_bubble
Depths:3: minmay_four_inscribed_fans, layout_long_grid, enter_ziggurat_a,
          kennysheep_pointless_box, rand_demon_pan_entry_8, mu_enter_wizlab_6,
          serial_sigils, serial_sigils_hangedman_shear, pf_hell_entry_tar_river
Depths:4: kennysheep_big_flooded_room, layout_cave_pools, hell_entry,
          serial_glass, glass_columns_c, glass_columns_b, glass_columns_a,
          abyss_entry, feat_on_display
Depths:5: grunt_x_marks_the_spot, layout_gridlike, nicolae_ashenzari_skybound,
          serial_shops, nicolae_shop_window_shopping, hell_entry,
          serial_bayou_shore_b, uniq_frederick
Zot:1:    layout_gridlike
Zot:2:    layout_gridlike, grunt_megastairs_1
Zot:3:    layout_misc_corridors
Zot:4:    layout_onion_interference
Zot:5:    layout_cathedral_of_symmetry, hangedman_zot_decor_scrapings

Skill      XL: |  1  2  3  4  5  6  7  8  9 10 11 12 13 14 15 16 17 18 19 20 21 22 23 24 25 |
---------------+----------------------------------------------------------------------------+-----
Armour         | 4 5 6 7 8 10 11 12 13 14 15 16 17 18 19 20 | 20.6
Shields        | 4 5 6 7 8 10 11 12 13 14 15 16 17 18 | 18.6
Fighting       | 4 5 6 7 8 9 11 12 13 14 15 16 17 18 19 20 | 20.5
Axes           | 3 4 5 6 8 9 10 12 13 14 15 16 18 19 20 21 22 23 24 | 24.1
Invocations    | 1 2 3 4 6 7 8 9 10 11 12 13 14 15 16 17 18 19 | 19.1
Dodging        | 1 5 8 10 12 13 16 18 19 20 21 22 23 | 23.5

Action                   |  1- 3 |  4- 6 |  7- 9 | 10-12 | 13-15 | 16-18 | 19-21 | 22-24 | 25-27 || total
-------------------------+-------+-------+-------+-------+-------+-------+-------+-------+-------++-------
Melee: War axe           |    64 |    74 |   283 |   600 |    23 |     7 |       |       |       ||  1051
       Headbutt          |    10 |    13 |    62 |   190 |   306 |   384 |   529 |   363 |     9 ||  1866
       Broad axe         |       |       |       |       |   887 |  1145 |  1328 |  1036 |    30 ||  4426
Throw: Throwing net      |       |       |       |     1 |       |       |       |       |       ||     1
Invok: Draw Summoning    |       |     5 |     2 |     3 |     2 |     2 |     2 |       |       ||    16
       Draw Destruction  |       |     3 |     4 |     8 |       |    16 |       |     1 |       ||    32
       Draw Escape       |       |       |     1 |     2 |       |       |     2 |       |     1 ||     6
       Triple Draw       |       |       |     1 |    10 |       |       |     2 |     2 |       ||    15
       Deal Four         |       |       |       |       |     5 |     9 |    16 |     9 |     2 ||    41
Evoke: Wand              |       |       |       |       |       |       |       |     2 |       ||     2
       Phantom mirror    |       |       |       |       |       |       |       |       |     1 ||     1
  Use: Scroll            |       |       |     6 |    14 |    16 |     9 |     6 |     3 |     1 ||    55
       Potion            |       |       |     1 |       |     1 |       |     6 |     4 |     4 ||    16
 Stab: Paralysed         |       |       |     1 |       |       |       |       |       |       ||     1
       Petrifying        |       |       |       |       |     1 |       |       |       |       ||     1
       Petrified         |       |       |       |       |     1 |       |       |       |       ||     1
       Distracted        |       |       |       |       |       |     2 |     3 |     2 |       ||     7
       Confused          |       |       |       |       |       |     2 |       |       |       ||     2
Armor: Scale mail        |    23 |    24 |       |       |       |       |       |       |       ||    47
       Plate armour      |       |    36 |   175 |   319 |   409 |   577 |   575 |   294 |     9 ||  2394
       Ring mail         |       |       |       |    64 |       |       |       |       |       ||    64
Dodge: Dodged            |    14 |    27 |    53 |   169 |   249 |   509 |   501 |   410 |    17 ||  1949
Block: Kite shield       |    20 |    31 |   163 |   460 |   862 |  1289 |  1206 |  1006 |    35 ||  5072
       Reflection        |       |       |       |       |    23 |   141 |    39 |    18 |       ||   221
       Rpst.: War axe    |       |       |       |     2 |       |     1 |       |       |       ||     3
       Broad axe         |       |       |       |       |    40 |    72 |    74 |    48 |     5 ||   239

Table legend: (Time is in decaauts)
 A = Elapsed time spent in this place.
 B = Non-inter-level travel time spent in this place.
 C = Inter-level travel time spent in this place.
 D = Time resting spent in this place.
 E = Time spent auto-exploring this place.
 F = Levels seen in this place.
 G = Mean time per level.
                   A        B        C        D        E       F      G
               +--------+--------+--------+--------+--------+-----+--------+
         Total |  54557 |  51060 |   3497 |   9488 |  20788 |  51 | 1069.7 |
       Dungeon |  14793 |  13497 |   1296 |   1772 |   5872 |  15 |  986.2 |
          Lair |   7753 |   6743 |   1010 |    310 |   3718 |   6 | 1292.2 |
         Swamp |   3771 |   3695 |     76 |    525 |   1682 |   4 |  942.8 |
   Spider Nest |   3840 |   3727 |    113 |    225 |   2453 |   4 |  960.0 |
    Slime Pits |   5889 |   5746 |    143 |   2844 |   1050 |   5 | 1177.8 |
  Orcish Mines |   1770 |   1355 |    415 |     95 |    474 |   2 |  885.0 |
        Vaults |   2404 |   2261 |    143 |    158 |   1035 |   2 | 1202.0 |
        Depths |   6447 |   6231 |    216 |    983 |   2854 |   5 | 1289.4 |
           Zot |   6989 |   6906 |     83 |   2487 |   1491 |   5 | 1397.8 |
        Bailey |    237 |    237 |      0 |      0 |      0 |   1 |  237.0 |
      Ice Cave |    362 |    362 |      0 |     88 |     19 |   1 |  362.0 |
      Gauntlet |    297 |    297 |      0 |      0 |    139 |   1 |  297.0 |
               +--------+--------+--------+--------+--------+-----+--------+

Top non-repeatable levels by time:
 Slime:4: 2965 daAuts
   Zot:4: 2125 daAuts
Depths:3: 2009 daAuts
    D:10: 2007 daAuts
   Zot:2: 1831 daAuts
  Lair:6: 1679 daAuts
Depths:2: 1662 daAuts
   Orc:2: 1554 daAuts
     D:3: 1520 daAuts
  Lair:1: 1468 daAuts
Vaults:1: 1422 daAuts
 Swamp:3: 1358 daAuts
 Slime:5: 1349 daAuts
Depths:5: 1303 daAuts
  Lair:5: 1288 daAuts
